 Dungeon Crawl Stone Soup version 0.21-a0-630-g344d351 (webtiles) character file.

213 zaque the Ruffian (level 5, 0/44 HPs)
             Began as a Naga Transmuter on Dec 25, 2017.
             Was an Initiate of Cheibriados.
             Slain by a centaur skeleton (4 damage)
             ... on level 4 of the Dungeon.
             The game lasted 00:12:05 (4306 turns).

zaque the Ruffian (Naga Transmuter)                 Turns: 4306, Time: 00:12:05

Health: 0/44       AC:  3    Str: 13    XL:     5   Next: 90%
Magic:  2/9        EV: 10    Int: 16    God:    Cheibriados [......]
Gold:   167        SH:  0    Dex: 12    Spells: 2/9 levels left

rFire    . . .     SeeInvis +     - Unarmed
rCold    . . .     Gourm    .   (no shield)
rNeg     . . .     Faith    .   b - +0 robe
rPois    +         Spirit   .   (no helmet)
rElec    .         Reflect  .   m - +0 cloak
rCorr    .         Harm     .   (no gloves)
MR       .....                  (no barding)
Stlth    +.........             (no amulet)
HPRegen  0.14/turn              v - ring of loudness (curse)
MPRegen  0.11/turn              (no ring)

@: very slightly contaminated, very slow
A: large, see invisible, deformed body, poison resistance, slowness 2, slow
metabolism 1, spit poison 1, AC +1
a: Spit Poison, Bend Time, Renounce Religion


You were on level 4 of the Dungeon.
You worshipped Cheibriados.
Cheibriados was noncommittal.
You were hungry.

You visited 2 branches of the dungeon, and saw 5 of its levels.

You collected 167 gold pieces.

Inventory:

Missiles
 a - 50 arrows
Armour
 b - a +0 robe (worn)
 m - a +0 cloak (worn)
Jewellery
 v - a cursed ring of loudness (left hand)
Wands
 j - a wand of paralysis (15)
 t - a wand of iceblast (7)
 u - a wand of disintegration (13)
Scrolls
 e - 5 scrolls of remove curse {unknown}
 h - a scroll of random uselessness {unknown}
 l - a scroll of magic mapping {unknown}
 n - a scroll of fear {unknown}
 o - 6 scrolls of identify {unknown}
 p - a scroll of immolation {unknown}
 w - 2 scrolls of teleportation {unknown}
Potions
 f - 2 potions of agility {unknown}
 g - 2 potions of might {unknown}
 i - 3 potions of flight {unknown}
 k - a potion of brilliance {unknown}
 q - 4 potions of curing {unknown}
 r - 2 potions of degeneration {unknown}
 s - a potion of cancellation {unknown}
Books
 c - a book of Changes

   Spells                             Type                      Level
   a - Beastly Appendage              Transmutation                1
   b - Sticks to Snakes               Transmutation                2
   c - Spider Form                    Transmutation/Poison         3
   d - Ice Form                       Ice/Transmutation            4
   e - Blade Hands                    Transmutation                5
 y - a book of Air

   Spells                             Type                      Level
   a - Shock                          Conjuration/Air              1
   b - Swiftness                      Charms/Air                   2
   c - Static Discharge               Conjuration/Air              3
   d - Airstrike                      Air                          4
   e - Lightning Bolt                 Conjuration/Air              5
Comestibles
 d - 7 rations


   Skills:
 + Level 1.1 Fighting
 - Level 1.5 Dodging
 * Level 3.1 Stealth
 * Level 4.6 Unarmed Combat
 + Level 2.8 Spellcasting
 * Level 3.2 Transmutations
 * Level 1.0 Ice Magic


You had 2 spell levels left.
You knew the following spells:

 Your Spells              Type           Power        Failure   Level  Hunger
a - Beastly Appendage     Tmut           ##....       4%          1    #......
b - Sticks to Snakes      Tmut           ##......     8%          2    ##.....
c - Ice Form              Ice/Tmut       #.......     61%         4    #####..


Dungeon Overview and Level Annotations

Branches:
Dungeon (4/15)             Temple (1/1) D:4

Altars:
Ashenzari
Cheibriados
Dithmenos
Elyvilon
Fedhas
Gozag
Hepliaklqana
Makhleb
Nemelex Xobeh
Okawaru
Ru
Sif Muna
Trog
Uskayaw
Vehumet
Wu Jian
Xom
Yredelemnul


Innate Abilities, Weirdness & Mutations

You cannot wear boots.
Your serpentine skin is tough. (AC +1)
You have supernaturally acute eyesight. (SInv)
Armour fits poorly on your strangely shaped body.
Your system is resistant to poisons. (rPois)
You cover ground very slowly.
You have a slow metabolism.
You can spit poison.


Message History

The centaur skeleton is lightly damaged.
The centaur skeleton hits you.
* * * LOW HITPOINT WARNING * * *
You hit the centaur skeleton.
The centaur skeleton is lightly damaged.
Your horns disappear.
The centaur skeleton hits you.
* * * LOW HITPOINT WARNING * * *
The centaur skeleton barely misses you.
Casting: Beastly Appendage
Confirm with . or Enter, or press ? or * to list all spells.
You miscast Sticks to Snakes.
You are very lightly contaminated with residual magic.
Waves of light ripple over your body. The centaur skeleton hits you.
* * * LOW HITPOINT WARNING * * *
The phantom blinks!
The centaur skeleton hits you.
* * * LOW HITPOINT WARNING * * *
The centaur skeleton hits you.
You die...

.........#... ...
#..........#.#####..
#...................
#...!.....##........
#...................
#........#.........
#........#.........
###.##..W.....#.........
#......@Z.....#.........
#.#.#######.####........
#.....................
#.##.#.#####........ #
#.# #........ #.#
#####....
#.#########.##.
#............#.
###########..#.


You could see a phantom and a centaur skeleton.

Vanquished Creatures
  A scorpion (D:4)
  4 adders
  6 worms
  2 dart slugs
  A leopard gecko (D:3)
  4 orcs (D:3)
  7 bats
  5 giant cockroaches
  15 goblins
  9 hobgoblins
  3 jackals (D:1)
  7 kobolds
  7 frilled lizards
  5 rats
  A plant (D:2)
77 creatures vanquished.

Vanquished Creatures (collateral kills)
  An orc wizard (D:3)
1 creature vanquished.

Grand Total: 78 creatures vanquished

Notes
Turn   | Place    | Note
-------+----------+-------------------------------------------
     0 | D:1      | zaque the Naga Transmuter began the quest for the Orb.
     0 | D:1      | Reached XP level 1. HP: 18/18 MP: 3/3
   366 | D:1      | Reached XP level 2. HP: 19/25 MP: 3/5
   494 | D:1      | Reached skill level 1 in Stealth
   742 | D:1      | Learned a level 2 spell: Sticks to Snakes
   803 | D:1      | Reached XP level 3. HP: 9/31 MP: 4/6
  1686 | D:2      | Found a shadowy altar of Dithmenos.
  1713 | D:2      | Found a white marble altar of Elyvilon.
  1792 | D:2      | Reached XP level 4. HP: 31/38 MP: 5/7
  1881 | D:2      | Learned a level 4 spell: Ice Form
  1983 | D:2      | Reached skill level 4 in Unarmed Combat
  2396 | D:3      | Found a hide-covered altar of Uskayaw.
  2409 | D:3      | Reached XP level 5. HP: 32/44 MP: 6/8
  2964 | D:3      | Found a blossoming altar of Fedhas.
  2964 | D:3      | Found a sparkling altar of Nemelex Xobeh.
  3009 | D:3      | Found a hazy altar of Hepliaklqana.
  3839 | D:3      | Found a faded altar of an unknown god.
  4070 | D:4      | Found an ornate altar of the Wu Jian Council.
  4103 | D:4      | Found a staircase to the Ecumenical Temple.
  4123 | Temple   | Entered the Ecumenical Temple
  4216 | Temple   | Became a worshipper of Cheibriados the Contemplative
  4242 | D:4      | Reached skill level 1 in Ice Magic
  4262 | D:4      | Noticed a phantom
  4306 | D:4      | Slain by a centaur skeleton

Vault maps used:
D:1:      dpeg_arrival_triangle_fractal
D:2:      grunt_dithmenos_smoke_and_mirrors, serial_forest,
          infiniplex_forest_straight_2, infiniplex_forest_clump_long,
          infiniplex_forest_lined_1, infiniplex_forest_straight_3,
          infiniplex_forest_pool, infiniplex_forest_clump_curved,
          infiniplex_forest_straight_3, infiniplex_forest_lined_3_way,
          elyvilon_altar_5
D:3:      overflow_temple_1_default, amethyst_overflow_temple_binary,
          overflow_temple_1_default, chequers_ecumenical_altar_twisty,
          first_ration, grunt_ministairs_6
D:4:      lemuel_doored_altar, minmay_temple_entry_statues_fountains,
          minmay_mini_ossuary
Temple:   nicolae_temple_hex_pool

Skill      XL: |  1  2  3  4  5 |
---------------+----------------+-----
Stealth        | 1 2 3 |  3.1
Unarmed Combat | 4 |  4.6
Transmutations | 3 |  3.2
Ice Magic      | 1 |  1.0
Fighting       | |  1.1
Dodging        | |  1.5
Spellcasting   | |  2.8

Action                   |  1- 3 |  4- 6 || total
-------------------------+-------+-------++-------
Melee: Unarmed           |   109 |   209 ||   318
       Headbutt          |     7 |    15 ||    22
       Punch             |       |     8 ||     8
 Cast: Beastly Appendage |    27 |    25 ||    52
       Sticks to Snakes  |       |     6 ||     6
 Abil: Spit Poison       |    19 |    15 ||    34
 Stab: Sleeping          |     2 |     1 ||     3
  Eat: Chunk             |     3 |     8 ||    11
Armor: Robe              |    21 |    31 ||    52
Dodge: Dodged            |    48 |    58 ||   106

Table legend:
 A = Spawn XP
 B = Non-spawn XP
 C = Spawn XP percentage of total XP
 D = Spawn monster count
 E = Non-spawn monster count
 F = Spawn count percentage of total count
 G = Total turns spent on level
                    A         B        C        D         E        F      G
               +---------+---------+-------+---------+---------+-------+---------
         Total |       0 |     305 |   0.0 |       0 |      77 |   0.0 |  4306
               +---------+---------+-------+---------+---------+-------+---------
           D:1 |       0 |      55 |   0.0 |       0 |      31 |   0.0 |  1476
           D:2 |       0 |      49 |   0.0 |       0 |      18 |   0.0 |   813
           D:3 |       0 |     116 |   0.0 |       0 |      25 |   0.0 |  1720
           D:4 |       0 |      85 |   0.0 |       0 |       3 |   0.0 |   200
               +---------+---------+-------+---------+---------+-------+---------
